 Dungeon Crawl Stone Soup version 0.22-a0-571-g4a923d4 (webtiles) character file.

618 Hebeh the Covered (level 7, -2/61 HPs)
             Began as a Minotaur Fighter on July 1, 2018.
             Slain by a water moccasin (4 damage)
             ... on level 7 of the Dungeon.
             The game lasted 00:11:58 (3383 turns).

Hebeh the Covered (Minotaur Fighter)                Turns: 3383, Time: 00:11:58

Health: -2/61      AC: 15    Str: 22    XL:     7   Next: 21%
Magic:  7/7        EV:  4    Int:  5    God:
Gold:   282        SH: 10    Dex: 10    Spells: 6/6 levels left

rFire    . . .     SeeInvis .   b - +4 mace (holy)
rCold    . . .     Gourm    .   c - +0 shield
rNeg     . . .     Faith    .   u - +0 plate armour
rPois    +         Spirit   .   (helmet restricted)
rElec    .         Reflect  .   (no cloak)
rCorr    .         Harm     .   (no gloves)
MR       .....                  (no boots)
Stlth    ..........             (no amulet)
HPRegen  0.20/turn              l - ring of poison resistance
MPRegen  0.10/turn              B - +3 ring of protection

@: drained
A: retaliatory headbutt, horns 2
a: no special abilities


You were on level 7 of the Dungeon.
You were not hungry.

You visited 1 branch of the dungeon, and saw 6 of its levels.

You collected 282 gold pieces.

Inventory:

Hand Weapons
 a - a +0 war axe
 b - a +4 mace of holy wrath (weapon)
Armour
 c - a +0 shield (worn)
 u - a +0 plate armour (worn)
Jewellery
 j - an uncursed ring of resist corrosion
 k - an uncursed ring of see invisible
 l - a ring of poison resistance (left hand)
 s - an uncursed ring of protection from cold
 B - a +3 ring of protection (right hand)
Wands
 i - a wand of acid (7)
 y - a wand of disintegration (10)
Scrolls
 g - a scroll of magic mapping
 h - 2 scrolls of remove curse
 m - 3 scrolls of identify
 p - a scroll of teleportation
 v - a scroll of amnesia {unknown}
 w - a scroll of enchant armour {unknown}
Potions
 d - a potion of might
 e - a potion of heal wounds {unknown}
 n - a potion of mutation {unknown}
 q - 2 potions of berserk rage {unknown}
 r - a potion of invisibility {unknown}
 t - 2 potions of flight {unknown}
 z - a potion of lignification {unknown}
Comestibles
 f - 6 rations
 o - 2 chunks of flesh


   Skills:
 + Level 5.3(4.9) Fighting
 + Level 5.3(5.2) Axes
 + Level 2.5(3.9) Maces & Flails
 + Level 5.5(5.0) Armour
 + Level 5.4(5.0) Shields
 + Level 1.3(0.9) Evocations


You had 6 spell levels left.
You didn't know any spells.
Your spell library was empty.

Dungeon Overview and Level Annotations

Branches:
Dungeon (5/15)
 Temple: D:4-7

Altars:

Annotations:
D:3 1 runed door, Gildeon's ghost, amateur OpTm


Innate Abilities, Weirdness & Mutations

You reflexively headbutt those who attack you in melee.
You have a pair of horns on your head.


Message History

You are too injured to fight recklessly!
You are too injured to fight recklessly!
You are too injured to fight recklessly!
You are too injured to fight recklessly!
You are too injured to fight recklessly!
You are too injured to fight recklessly!
You are too injured to fight recklessly!
You are too injured to fight recklessly!
You are too injured to fight recklessly!
You are too injured to fight recklessly!
You are too injured to fight recklessly!
You are too injured to fight recklessly!
You are too injured to fight recklessly!
You are too injured to fight recklessly!
You closely miss the wight. Your headbutt misses the wight.
The wight is almost destroyed.
The water moccasin bites you.
* * * LOW HITPOINT WARNING * * *
The water moccasin bites you.
You die...

#......# #......+
#......#
###+##......#
............#
............+
..........S.#
........†.@.#####
.........))z......
..................
..................
..................
##.....#####......
+..... ......
#..... ...... ....
....


You could see a water moccasin and a wight.

Vanquished Creatures
  A scorpion (D:4)
  2 wights (D:7)
  A crimson imp (D:4)
  Jessica (D:2)
  Natasha (thrice) (D:2 D:3)
  5 worker ants
  A hound skeleton (D:7)
  Robin (D:2)
  3 gnolls (D:4)
  9 adders
  An ooze (D:2)
  2 worms
  3 leopard geckos
  2 orcs
  3 giant cockroaches
  14 goblins
  14 hobgoblins
  3 jackals
  A quokka (D:2)
  9 bats
  2 frilled lizards (D:1)
  10 kobolds
  11 rats
102 creatures vanquished.

Notes
Turn   | Place    | Note
-------+----------+-------------------------------------------
     0 | D:1      | Hebeh the Minotaur Fighter began the quest for the Orb.
     0 | D:1      | Reached XP level 1. HP: 19/19 MP: 0/0
   270 | D:1      | Reached XP level 2. HP: 23/27 MP: 1/1
   724 | D:2      | Noticed Jessica
   726 | D:2      | Killed Jessica
   726 | D:2      | Reached XP level 3. HP: 33/33 MP: 2/2
   776 | D:2      | Noticed Natasha
   780 | D:2      | Killed Natasha
   780 | D:2      | Reached XP level 4. HP: 39/40 MP: 3/3
   865 | D:2      | Noticed Robin
   888 | D:2      | Killed Robin
  1185 | D:2      | Reached XP level 5. HP: 47/47 MP: 4/4
  1597 | D:3      | Noticed Natasha
  1606 | D:3      | Killed Natasha
  1740 | D:3      | Noticed Natasha
  1747 | D:3      | Killed Natasha
  1747 | D:3      | Reached skill level 1 in Maces & Flails
  1988 | D:3      | Found a runed door.
  1992 | D:3      | Noticed an orc warrior
  2115 | D:3      | Reached XP level 6. HP: 52/55 MP: 5/5
  2201 | D:3      | Noticed Gildeon's ghost (amateur OpTm)
  2381 | D:4      | Reached skill level 5 in Armour
  2391 | D:4      | Reached skill level 5 in Shields
  2478 | D:4      | Reached skill level 5 in Axes
  2508 | D:4      | Reached skill level 5 in Fighting
  3227 | D:5      | Entered Level 5 of the Dungeon
  3229 | D:5      | Reached skill level 1 in Evocations
  3347 | D:5      | You fall through a shaft for 2 floors!
  3365 | D:7      | Reached XP level 7. HP: 26/61 MP: 6/6
  3382 | D:7      | HP: 3/61 [water moccasin (5)]
  3383 | D:7      | Slain by a water moccasin

Vault maps used:
D:1:      lemuel_arrival_hallway, minmay_tromino_i4
D:2:      uniq_robin, uniq_natasha, uniq_jessica
D:3:      ebering_ghost_inner_flame, st_stairs_9
D:4:      first_ration
D:5:      minmay_temple_entry_grid
D:7:      zin_academy

Skill      XL: |  1  2  3  4  5  6 |
---------------+-------------------+-----
Axes           | 3 4 5 |  5.3
Fighting       | 4 5 |  5.3
Armour         | 4 5 |  5.5
Shields        | 4 5 |  5.4
Maces & Flails | 1 2 |  2.5
Evocations     | 1 |  1.3

Action                   |  1- 3 |  4- 6 |  7- 9 || total
-------------------------+-------+-------+-------++-------
Melee: War axe           |    44 |    66 |       ||   110
       Headbutt          |     8 |    26 |     3 ||    37
       Mace              |       |   136 |    13 ||   149
  Use: Scroll            |       |     7 |       ||     7
  Eat: Chunk             |       |     8 |       ||     8
Armor: Scale mail        |    21 |    53 |       ||    74
       Plate armour      |       |    45 |    15 ||    60
Dodge: Dodged            |    10 |    66 |     5 ||    81
Block: Shield            |    19 |   126 |    12 ||   157

Table legend:
 A = Spawn XP
 B = Non-spawn XP
 C = Spawn XP percentage of total XP
 D = Spawn monster count
 E = Non-spawn monster count
 F = Spawn count percentage of total count
 G = Total turns spent on level
                    A         B        C        D         E        F      G
               +---------+---------+-------+---------+---------+-------+---------
         Total |       0 |     884 |   0.0 |       0 |     102 |   0.0 |  3383
               +---------+---------+-------+---------+---------+-------+---------
           D:1 |       0 |      28 |   0.0 |       0 |      17 |   0.0 |   724
           D:2 |       0 |     212 |   0.0 |       0 |      43 |   0.0 |   873
           D:3 |       0 |     162 |   0.0 |       0 |      24 |   0.0 |   675
           D:4 |       0 |     235 |   0.0 |       0 |      10 |   0.0 |   955
           D:5 |       0 |      39 |   0.0 |       0 |       3 |   0.0 |   120
           D:7 |       0 |     208 |   0.0 |       0 |       5 |   0.0 |    36
               +---------+---------+-------+---------+---------+-------+---------
